 Dungeon Crawl Stone Soup version bcrawl-1.28.1b (webtiles) character file.

Game seed: 10621808614565462691

104454 Morbidden the Ducker (level 2, -2/23 HPs)
             Began as a Djinni Archaeologist on Dec 19, 2020.
             Slain by a hobgoblin
             ... wielding a +0 club
              (5 damage)
             ... on level 2 of the Dungeon.
             The game lasted 00:01:36 (1006 turns).

Morbidden the Ducker (Djinni Archaeologist)         Turns: 1006, Time: 00:01:37

Health: -2/23      AC:  4    Str: 13    XL:     2   Next: 93%
Magic:  2/2        EV: 12    Int: 16    God:
Gold:   71         SH:  0    Dex:  9    Spells: 1/1 levels left

rFire    . . .     SeeInvis .   p - +1 hand axe (elec)
rCold    . . .     Gourm    .   (no shield)
rNeg     . . .     Faith    .   k - +0 leather armour
rPois    .         Spirit   .   c - +1 hat
rElec    .         Reflect  .   (no cloak)
rCorr    .         Harm     .   (no gloves)
MR       .....     Rnd*Rage +   (boots unavailable)
Stlth    ++........             (no amulet)
HPRegen  0.07/turn              (no ring)
MPRegen  0.08/turn              (no ring)

@: flying
A: never pass out, berserk 2, blurry vision 2, wild magic 1, MP-powered wands,
floating
a: no special abilities


You were on level 2 of the Dungeon.
You were not hungry.

You visited 1 branch of the dungeon, and saw 2 of its levels.

You collected 71 gold pieces.

Inventory:

Hand Weapons
 p - a +1 hand axe of electrocution (weapon)
Armour
 c - a +1 hat (worn)
 k - a +0 leather armour (worn)
Scrolls
 b - a scroll of enchant weapon {unknown}
 d - 2 scrolls of remove curse
 g - a scroll of magic mapping
 j - 3 scrolls of enchant armour {unknown}
 l - 2 scrolls of fog {unknown}
Potions
 m - a potion of haste {unknown}
 n - a potion of curing {unknown}
 o - a potion of heal wounds {unknown}
Miscellaneous
 f - a dusty tome
Comestibles
 e - 2 rations {!d}
 i - 2 chunks of flesh


   Skills:
 + Level 1.3 Fighting
   Level 1.0 Maces & Flails
   Level 0.4 Polearms
 + Level 0.1 Armour
 + Level 3.4 Dodging
 + Level 2.9 Stealth


You had one spell level left.
You didn't know any spells.
Your spell library was empty.

Dungeon Overview and Level Annotations

Branches:
Dungeon (2/12)

Altars:


Innate Abilities, Weirdness & Mutations

You never pass out after going berserk.
You often lose your temper in combat.
Scrolls take you longer to read.
Your spells are a little harder to cast, but a little more powerful.
You expend magic power (3 MP) to strengthen your wands.
Your body floats in the air.


Message History

The goblin shoots a stone.
The stone hits you.
You hit the hobgoblin.
The hobgoblin is heavily wounded.
You hit the worm but do no damage. Lightning courses through the worm!
You kill the worm!
The hobgoblin hits you but does no damage.
The goblin shoots a stone.
The stone hits you.
* * * LOW HITPOINT WARNING * * *
The hobgoblin hits you but does no damage.
No path to travel!
The goblin shoots a stone.
The stone barely misses you.
The goblin shoots a stone.
The stone closely misses you.
The goblin shoots a stone.
The stone barely misses you.
Some of the chunks of flesh in your inventory have rotted away.
The goblin shoots a stone.
The stone barely misses you. The hobgoblin barely misses you.
The goblin shoots a stone.
The stone closely misses you.
There is a stone staircase leading up here.
The hobgoblin hits you with a +0 club.
You die...

####......#..##.
#......###......
###............. ####
##............
#...###.....<†......
####.....g...........(.
.......................
.###...g...............
.......@.##....$$......
######.................
#...#.............
##................
#.......... #..#.....
#..###... ...# ##


You could see a hobgoblin and a goblin.

Vanquished Creatures
  2 worms (D:2)
  A dart slug (D:1)
  2 leopard geckos (D:1)
  A giant cockroach (D:1)
  A goblin (D:1)
  2 hobgoblins (D:1)
  2 kobolds (D:1)
  3 bats (D:1)
  2 frilled lizards
  2 rats (D:1)
18 creatures vanquished.

Notes
Turn   | Place    | Note
-------+----------+-------------------------------------------
     0 | D:1      | Morbidden the Djinni Archaeologist began the quest for the
                  | Orb.
     0 | D:1      | Reached XP level 1. HP: 16/16 MP: 1/1
   241 | D:1      | Reached XP level 2. HP: 22/23 MP: 2/2
  1006 | D:2      | Slain by a hobgoblin

Action                   || total
-------------------------++-------
Melee: Spear             ||    94
       Whip              ||     8
       Hand axe          ||     8
  Use: Scroll            ||     1
 Stab: Sleeping          ||     2
  Eat: Chunk             ||     3
Armor: Robe              ||    17
       Leather armour    ||    23
Dodge: Dodged            ||    71
